[Event "16th Deltalift Open 2019"]
[Site "Halmstad"]
[Date "2019.05.30"]
[Round "2.4"]
[White "Sjodahl, Pontus"]
[Black "Goransson, Martin"]
[Result "1-0"]
[ECO "E81"]
[WhiteElo "2435"]
[BlackElo "2112"]
[Annotator "ChessBase"]
[PlyCount "55"]
[EventDate "2019.05.30"]
[EventType "swiss"]
[EventCountry "SWE"]
[SourceTitle "playchess.com"]
[Source "ChessBase"]
[SourceQuality "1"]
[TimeControl "1800+12"]

1. d4 Nf6 2. c4 g6 3. Nc3 Bg7 4. e4 d6 5. f3 O-O 6. Be3 c6 7. Nge2 a6 8. c5 b6 9. cxd6 exd6 10. Qd2 b5 11. Nf4 Nbd7 12. Be2 a5 13. O-O Bb7 14. a4 b4 15. Nd1 c5 16. Nf2 Re8 17. Rac1 cxd4 18. Bxd4 d5 19. Nxd5 Nxd5 20. Bxg7 Kxg7 21. exd5 Bxd5 22. Bb5 Be6 23. Rfd1 Re7 24. Qd4+ f6 25. Ne4 Qb6 26. Bxd7 Qxd4+ 27. Rxd4 Rd8 28. Nc5 1-0

[Event "16th Deltalift Open 2019"]
[Site "Halmstad"]
[Date "2019.05.30"]
[Round "2.5"]
[White "Torngren, Gustav"]
[Black "Brynell, Stellan"]
[Result "0-1"]
[ECO "A01"]
[WhiteElo "2091"]
[BlackElo "2406"]
[Annotator "ChessBase"]
[PlyCount "116"]
[EventDate "2019.05.30"]
[EventType "swiss"]
[EventCountry "SWE"]
[SourceTitle "playchess.com"]
[Source "ChessBase"]
[SourceQuality "1"]
[TimeControl "1800+12"]

1. b3 d5 2. Bb2 Bg4 3. f3 Bh5 4. Nh3 Nc6 5. Nf4 Bg6 6. Nxg6 hxg6 7. f4 e6 8. e3 g5 9. Qf3 gxf4 10. exf4 Nf6 11. Bb5 Bc5 12. Nc3 Qd6 13. O-O-O O-O-O 14. Bxc6 Qxc6 15. f5 e5 16. Ne2 Bd6 17. h3 Nd7 18. Nc3 e4 19. Qe2 Be5 20. Kb1 a6 21. d4 Bf6 22. Qe3 Qd6 23. Ne2 Nb6 24. Rc1 Qe7 25. Rcf1 Kb8 26. Bc1 Nc8 27. g4 g5 28. fxg6 fxg6 29. g5 Bg7 30. Nf4 Qe8 31. c3 Nd6 32. Nxd5 Nf5 33. Rxf5 gxf5 34. c4 c6 35. Qf4+ Ka7 36. Nf6 Bxf6 37. gxf6 Qe6 38. d5 cxd5 39. cxd5 Rxd5 40. Be3+ Ka8 41. Rc1 Qxf6 42. Qc7 Qe6 43. Qg7 Rg8 44. Qc7 Rd3 45. Qc5 Rxe3 46. Qxe3 Rf8 47. Rf1 Qe5 48. Qh6 Re8 49. Qe3 Rd8 50. Rc1 f4 51. Qb6 Qd5 52. Rc5 Qd3+ 53. Kb2 e3 54. Rc7 Qd2+ 55. Kb1 Qd1+ 56. Rc1 Qd3+ 57. Kb2 e2 58. Ka3 Qd6+ 0-1

[Event "16th Deltalift Open 2019"]
[Site "Halmstad"]
[Date "2019.05.30"]
[Round "2.6"]
[White "Jepson, Christian"]
[Black "Wahlund, Max"]
[Result "1-0"]
[ECO "E92"]
[WhiteElo "2395"]
[BlackElo "2088"]
[Annotator "ChessBase"]
[PlyCount "75"]
[EventDate "2019.05.30"]
[EventType "swiss"]
[EventCountry "SWE"]
[SourceTitle "playchess.com"]
[Source "ChessBase"]
[SourceQuality "1"]
[TimeControl "1800+12"]

1. Nf3 Nf6 2. c4 g6 3. Nc3 Bg7 4. e4 d6 5. d4 O-O 6. Be2 e5 7. d5 a5 8. Bg5 Qe8 9. Nd2 Na6 10. a3 Bd7 11. b3 h6 12. Be3 Nh7 13. Qb1 f5 14. f3 Qe7 15. b4 Qh4+ 16. Bf2 Qg5 17. h4 Qe7 18. Ra2 axb4 19. axb4 Nf6 20. c5 fxe4 21. Ndxe4 Nxe4 22. Nxe4 Bf5 23. O-O Bxe4 24. Qxe4 Nxc5 25. Qb1 Rxa2 26. Qxa2 Nd7 27. Qc2 Nf6 28. Qxg6 e4 29. Bd4 exf3 30. Bxf3 Kh8 31. Rc1 Ra8 32. Kf1 Ra2 33. Re1 Qf8 34. Bxf6 Ra8 35. Qxh6+ Kg8 36. Bxg7 Qf5 37. Bb2 Qd3+ 38. Kg1 1-0

[Event "16th Deltalift Open 2019"]
[Site "Halmstad"]
[Date "2019.05.30"]
[Round "2.7"]
[White "Andersson, Robert"]
[Black "Pantzar, Milton"]
[Result "0-1"]
[ECO "B32"]
[WhiteElo "2074"]
[BlackElo "2390"]
[Annotator "ChessBase"]
[PlyCount "86"]
[EventDate "2019.05.30"]
[EventType "swiss"]
[EventCountry "SWE"]
[SourceTitle "playchess.com"]
[Source "ChessBase"]
[SourceQuality "1"]
[TimeControl "1800+12"]

1. e4 c5 2. Nf3 Nc6 3. d4 cxd4 4. Nxd4 e5 5. Nb5 d6 6. N1c3 a6 7. Na3 b5 8. Nd5 Nge7 9. Bg5 f6 10. Qh5+ Ng6 11. Be3 Nce7 12. Bb6 Qd7 13. Nc7+ Kf7 14. Nxa8 Qc6 15. Bd3 Qxa8 16. O-O Kg8 17. g3 Be6 18. c3 Qc8 19. Qe2 h5 20. h4 Bh3 21. Rfd1 Rh6 22. Be3 Nxh4 23. Bxh6 Bg2 24. gxh4 Qh3 25. f4 Bf3 26. Qh2 Qg4+ 27. Kf2 Bxd1 28. Qg3 Qxg3+ 29. Kxg3 Bg4 30. fxe5 gxh6 31. exf6 Ng6 32. Bc2 d5 33. Bb3 Bd6+ 34. Kf2 Kf7 35. Bxd5+ Kxf6 36. Rh1 Bc5+ 37. Ke1 Ke5 38. b4 Be7 39. Nc2 Bxh4+ 40. Kf1 Bg3 41. Bf7 Nf4 42. Ne3 Bf3 43. Rg1 Be2# 0-1

[Event "16th Deltalift Open 2019"]
[Site "Halmstad"]
[Date "2019.05.30"]
[Round "2.8"]
[White "Lindberg, Bengt"]
[Black "Berglind, Axel"]
[Result "1-0"]
[ECO "B90"]
[WhiteElo "2382"]
[BlackElo "2072"]
[Annotator "ChessBase"]
[PlyCount "125"]
[EventDate "2019.05.30"]
[EventType "swiss"]
[EventCountry "SWE"]
[SourceTitle "playchess.com"]
[Source "ChessBase"]
[SourceQuality "1"]
[TimeControl "1800+12"]

1. e4 c5 2. Nf3 d6 3. d4 cxd4 4. Nxd4 Nf6 5. Nc3 a6 6. Be3 e5 7. Nb3 Be6 8. h3 b5 9. g4 Nbd7 10. Bg2 Nb6 11. g5 Nfd7 12. h4 Nc4 13. Bc1 Rc8 14. Nd5 Bxd5 15. Qxd5 Ndb6 16. Qd3 Na4 17. Rb1 Be7 18. c3 O-O 19. O-O f6 20. Qg3 Kh8 21. Bh3 Rc7 22. g6 hxg6 23. Qxg6 Qe8 24. h5 d5 25. Bf5 Qxg6+ 26. hxg6 dxe4 27. Kg2 Rc6 28. Rh1+ Kg8 29. Rh7 Rd8 30. Be3 Nxe3+ 31. fxe3 Bc5 32. Rbh1 Kf8 33. Rh8+ Ke7 34. Rxd8 Kxd8 35. Rh8+ Ke7 36. Rg8 Bxe3 37. Rxg7+ Kf8 38. Rf7+ Kg8 39. Re7 Bh6 40. Bxe4 Rd6 41. Kf3 Nxb2 42. Nc5 Nc4 43. Bf5 e4+ 44. Nxe4 Nd2+ 45. Nxd2 Rxd2 46. Be6+ Kf8 47. Rf7+ Ke8 48. Rh7 Bf8 49. g7 Bxg7 50. Rxg7 Rd3+ 51. Ke4 Rxc3 52. Ra7 Rc1 53. Rxa6 Ke7 54. Bb3 Re1+ 55. Kd5 Re5+ 56. Kc6 f5 57. Rb6 Kf6 58. Rxb5 Re1 59. Rb8 f4 60. Rf8+ Kg5 61. a4 Kg4 62. Bc4 Ra1 63. Bb5 1-0

[Event "16th Deltalift Open 2019"]
[Site "Halmstad"]
[Date "2019.05.30"]
[Round "2.9"]
[White "Hautajarvi, Jukka"]
[Black "Seo, Jung Min"]
[Result "0-1"]
[ECO "B51"]
[WhiteElo "2068"]
[BlackElo "2377"]
[Annotator "ChessBase"]
[PlyCount "110"]
[EventDate "2019.05.30"]
[EventType "swiss"]
[EventCountry "SWE"]
[SourceTitle "playchess.com"]
[Source "ChessBase"]
[SourceQuality "1"]
[TimeControl "1800+12"]

1. e4 c5 2. Nf3 d6 3. Bb5+ Nd7 4. Nc3 e5 5. d3 Ngf6 6. Bc4 h6 7. a4 g6 8. h3 Bg7 9. Be3 Nb8 10. Qd2 Nc6 11. Bb5 Bd7 12. Bxc6 Bxc6 13. Ne2 Nd7 14. c4 f5 15. Qc3 O-O 16. Qc2 Nf6 17. Nc3 Rc8 18. b3 Nh5 19. Rb1 Nf4 20. Bxf4 exf4 21. O-O Bxc3 22. Qxc3 fxe4 23. dxe4 Bxe4 24. Rbd1 Qf6 25. Qd2 Rcd8 26. Nh2 Rfe8 27. Rfe1 h5 28. f3 Bc6 29. Rxe8+ Bxe8 30. Qd5+ Qf7 31. Qg5 Rd7 32. Nf1 Qf5 33. Qxf5 gxf5 34. Kf2 h4 35. Rd5 Bg6 36. Nd2 Kf7 37. Nb1 Kf6 38. Nc3 Bf7 39. Rd2 a6 40. Rd1 b6 41. Rd2 Ke5 42. Nd5 Bxd5 43. Rxd5+ Ke6 44. Ke1 b5 45. axb5 axb5 46. Kd1 Ra7 47. Rd2 Ra1+ 48. Ke2 Rb1 49. Ra2 Rxb3 50. cxb5 Rxb5 51. Ra8 Rb2+ 52. Kf1 d5 53. Rh8 c4 54. Rxh4 Ke5 55. Rh8 c3 0-1

[Event "16th Deltalift Open 2019"]
[Site "Halmstad"]
[Date "2019.05.30"]
[Round "2.10"]
[White "Rydstrom, Tom"]
[Black "Carlstrom, Niklas"]
[Result "1-0"]
[ECO "D00"]
[WhiteElo "2365"]
[BlackElo "2065"]
[Annotator "ChessBase"]
[PlyCount "47"]
[EventDate "2019.05.30"]
[EventType "swiss"]
[EventCountry "SWE"]
[SourceTitle "playchess.com"]
[Source "ChessBase"]
[SourceQuality "1"]
[TimeControl "1800+12"]

1. d4 d5 2. Nc3 Nc6 3. e4 e5 4. Bb5 dxe4 5. d5 a6 6. Ba4 b5 7. Nxb5 axb5 8. Bxb5 Nge7 9. a4 Rb8 10. dxc6 Qxd1+ 11. Kxd1 Nd5 12. Ne2 Bc5 13. Rf1 O-O 14. c3 Bf5 15. b4 Rfd8 16. Kc2 Bxf2 17. Rxf2 Bg6 18. Kb3 f5 19. Bc4 f4 20. Bxf4 exf4 21. Nxf4 Bf7 22. Nxd5 Bxd5 23. Bxd5+ Rxd5 24. Re2 1-0

[Event "16th Deltalift Open 2019"]
[Site "Halmstad"]
[Date "2019.05.30"]
[Round "2.11"]
[White "Bohman Karlholm, Adrian"]
[Black "Malmstig, Erik"]
[Result "0-1"]
[ECO "A58"]
[WhiteElo "2065"]
[BlackElo "2352"]
[Annotator "ChessBase"]
[PlyCount "64"]
[EventDate "2019.05.30"]
[EventType "swiss"]
[EventCountry "SWE"]
[SourceTitle "playchess.com"]
[Source "ChessBase"]
[SourceQuality "1"]
[TimeControl "1800+12"]

1. d4 Nf6 2. c4 c5 3. d5 b5 4. cxb5 a6 5. bxa6 g6 6. Nc3 Bxa6 7. Nf3 d6 8. g3 Bg7 9. Bg2 Nbd7 10. Rb1 O-O 11. b3 Qa5 12. Bd2 Rfb8 13. O-O Qc7 14. h3 Qb7 15. Qc2 Nxd5 16. Nxd5 Qxd5 17. Ng5 Qe5 18. Bxa8 Rxa8 19. Rfe1 Bb7 20. e4 h6 21. Nf3 Qh5 22. Kg2 f5 23. g4 fxg4 24. Ng1 gxh3+ 25. Nxh3 Qg4+ 26. Kh2 Ne5 27. Ng1 Rf8 28. f4 g5 29. f5 Rxf5 30. Re2 Nf3+ 31. Nxf3 Rxf3 32. Rg2 Qh4+ 0-1

[Event "16th Deltalift Open 2019"]
[Site "Halmstad"]
[Date "2019.05.30"]
[Round "2.12"]
[White "Bellon Lopez, Juan Manuel"]
[Black "Mattsson, Michael"]
[Result "1-0"]
[ECO "A45"]
[WhiteElo "2345"]
[BlackElo "2063"]
[Annotator "ChessBase"]
[PlyCount "61"]
[EventDate "2019.05.30"]
[EventType "swiss"]
[EventCountry "SWE"]
[SourceTitle "playchess.com"]
[Source "ChessBase"]
[SourceQuality "1"]
[TimeControl "1800+12"]

1. d4 Nf6 2. Bg5 d5 3. Bxf6 exf6 4. e3 c6 5. c4 Qb6 6. Qb3 dxc4 7. Bxc4 Qxb3 8. axb3 b5 9. Be2 Be6 10. Nd2 Bb4 11. Bd1 O-O 12. Ne2 a5 13. Nf4 Nd7 14. Rc1 c5 15. d5 Bf5 16. Be2 g5 17. Nh5 Rfb8 18. h4 Be4 19. Bf3 Bxf3 20. gxf3 Ne5 21. Ke2 Bxd2 22. Kxd2 Nxf3+ 23. Ke2 Nxh4 24. Rxc5 a4 25. d6 a3 26. bxa3 Rxa3 27. Rhc1 Ra2+ 28. Kf1 Rf8 29. Rc8 Ng6 30. Nxf6+ Kg7 31. d7 1-0

[Event "16th Deltalift Open 2019"]
[Site "Halmstad"]
[Date "2019.05.30"]
[Round "2.13"]
[White "Mejvik, Jacob"]
[Black "Olund, Joar"]
[Result "1-0"]
[ECO "B12"]
[WhiteElo "2057"]
[BlackElo "2328"]
[Annotator "ChessBase"]
[PlyCount "111"]
[EventDate "2019.05.30"]
[EventType "swiss"]
[EventCountry "SWE"]
[SourceTitle "playchess.com"]
[Source "ChessBase"]
[SourceQuality "1"]
[TimeControl "1800+12"]

1. e4 c6 2. d4 d5 3. e5 Bf5 4. h4 h6 5. g4 Bd7 6. Nc3 e6 7. h5 a6 8. Be3 c5 9. dxc5 Qc7 10. Qd2 Bxc5 11. Bf4 Bb4 12. Nf3 Ne7 13. Bd3 Bxc3 14. bxc3 Nbc6 15. Rb1 Rc8 16. O-O Na5 17. Rfd1 b5 18. Qe2 Qxc3 19. Bd2 Qc7 20. Bb4 Nb7 21. Nd4 Nc6 22. Nxc6 Qxc6 23. a4 Nc5 24. axb5 axb5 25. c3 O-O 26. Bc2 Rfd8 27. Rd4 Be8 28. Rbd1 Na6 29. Qd3 Nxb4 30. Qh7+ Kf8 31. Bg6 Qxc3 32. Rf4 Ke7 33. Qxg7 Kd7 34. Bxf7 Kc6 35. Bxe6 Rc7 36. Qxh6 Kb7 37. Rb1 Rc4 38. Rxc4 dxc4 39. Qg5 Nc6 40. Rxb5+ Ka6 41. Rb1 Qxe5 42. Bxc4+ Ka7 43. Qc1 Na5 44. Bf1 Bc6 45. Qe3+ Qxe3 46. fxe3 Bf3 47. Rb5 Nc6 48. Rg5 Rd6 49. Kf2 Bd1 50. Kg3 Nb4 51. Ra5+ Na6 52. Rxa6+ Rxa6 53. Bxa6 Kxa6 54. Kf4 Kb6 55. h6 Bc2 56. e4 1-0

[Event "16th Deltalift Open 2019"]
[Site "Halmstad"]
[Date "2019.05.30"]
[Round "2.14"]
[White "Kucuksari, Kaan"]
[Black "Trost, Edvin"]
[Result "1/2-1/2"]
[ECO "E09"]
[WhiteElo "2320"]
[BlackElo "2047"]
[Annotator "ChessBase"]
[PlyCount "135"]
[EventDate "2019.05.30"]
[EventType "swiss"]
[EventCountry "SWE"]
[SourceTitle "playchess.com"]
[Source "ChessBase"]
[SourceQuality "1"]
[TimeControl "1800+12"]

1. d4 Nf6 2. c4 e6 3. Nf3 d5 4. g3 Be7 5. Bg2 O-O 6. O-O c6 7. Nbd2 Nbd7 8. Qc2 b6 9. e4 dxe4 10. Nxe4 Bb7 11. Rd1 Nxe4 12. Qxe4 Nf6 13. Qc2 Qc7 14. Bf4 Bd6 15. Bxd6 Qxd6 16. c5 bxc5 17. dxc5 Qc7 18. Qe2 Rfd8 19. Qe5 Qe7 20. Qc3 Nd5 21. Qa5 e5 22. Nd2 Bc8 23. Nc4 f6 24. Bxd5+ Rxd5 25. Rxd5 cxd5 26. Nb6 axb6 27. Qxa8 Qxc5 28. b4 Qc4 29. b5 Kf7 30. Qa7+ Kg6 31. Qxb6 Bh3 32. Qe3 Qxb5 33. g4 Qb2 34. Re1 Qb4 35. f3 h5 36. a3 Qa5 37. gxh5+ Kxh5 38. f4 Bf5 39. fxe5 fxe5 40. Qf3+ Bg4 41. Rxe5+ g5 42. Qf7+ Kh4 43. Qf2+ Kh5 44. Qe3 Qd8 45. h3 Bc8 46. Qf3+ Kh6 47. Qf2 d4 48. Re4 d3 49. Rd4 Qb6 50. Rxd3 Qb1+ 51. Qf1 Qxf1+ 52. Kxf1 Ba6 53. Ke2 Kh5 54. Kd2 Bxd3 55. Kxd3 Kh4 56. a4 Kxh3 57. a5 g4 58. a6 g3 59. a7 g2 60. a8=Q g1=Q 61. Qh8+ Kg2 62. Qg7+ Kf1 63. Qa1+ Kg2 64. Qa8+ Kh2 65. Qh8+ Kg2 66. Qg7+ Kf1 67. Qxg1+ Kxg1 68. Ke4 1/2-1/2

[Event "16th Deltalift Open 2019"]
[Site "Halmstad"]
[Date "2019.05.30"]
[Round "2.15"]
[White "Silfverstroem, Niklas"]
[Black "Ziegler, Ari"]
[Result "1/2-1/2"]
[ECO "A46"]
[WhiteElo "2019"]
[BlackElo "2300"]
[Annotator "ChessBase"]
[PlyCount "141"]
[EventDate "2019.05.30"]
[EventType "swiss"]
[EventCountry "SWE"]
[SourceTitle "playchess.com"]
[Source "ChessBase"]
[SourceQuality "1"]
[TimeControl "1800+12"]

1. d4 Nf6 2. Nf3 e6 3. g3 d5 4. Bg2 Bd6 5. O-O O-O 6. c4 c6 7. Nc3 Ne4 8. Nxe4 dxe4 9. Ne5 f5 10. f3 Bxe5 11. dxe5 Qb6+ 12. Kh1 exf3 13. exf3 Qc5 14. Qe2 a5 15. f4 Na6 16. Be3 Qe7 17. Rad1 c5 18. Rd6 Rb8 19. Rfd1 h6 20. g4 b6 21. gxf5 Rxf5 22. Qg4 Kh7 23. Be4 Bb7 24. R1d5 Rbf8 25. Rd7 Qxd7 26. Rxd7 Bxe4+ 27. Kg1 Rg8 28. Re7 Nb4 29. Rxe6 Nc2 30. Bf2 g5 31. Bg3 gxf4 32. Qh4 h5 33. Qe7+ Rg7 34. Qd6 Nd4 35. Rh6+ Kg8 36. Qd8+ Rf8 37. Rh8+ Kxh8 38. Qxf8+ Kh7 39. Qe8 Bg6 40. Qd8 fxg3 41. hxg3 Bf7 42. Kf2 Bxc4 43. Qxb6 Rf7+ 44. Ke1 Rf1+ 45. Kd2 Rf2+ 46. Ke3 Rf3+ 47. Ke4 Rxg3 48. Qxc5 Rg4+ 49. Ke3 Nf5+ 50. Kf2 h4 51. Kf3 Rg3+ 52. Kf4 Bd3 53. e6 Rg7 54. Qf2 h3 55. Qh2 Nh6 56. Qxh3 Bf5 57. Qa3 Rg4+ 58. Kf3 Be4+ 59. Kf2 Rf4+ 60. Ke1 Bg6 61. Qxa5 Re4+ 62. Kd2 Rxe6 63. b4 Nf5 64. b5 Nd6 65. Qc7+ Kh6 66. b6 Be4 67. a4 Bd5 68. Qd8 Nc4+ 69. Kc3 Nxb6 70. a5 Rc6+ 71. Kd2 1/2-1/2

[Event "16th Deltalift Open 2019"]
[Site "Halmstad"]
[Date "2019.05.30"]
[Round "2.16"]
[White "Lindgren, Fredrik"]
[Black "Ytterberg, Felix"]
[Result "1-0"]
[ECO "A46"]
[WhiteElo "2278"]
[BlackElo "2018"]
[Annotator "ChessBase"]
[PlyCount "77"]
[EventDate "2019.05.30"]
[EventType "swiss"]
[EventCountry "SWE"]
[SourceTitle "playchess.com"]
[Source "ChessBase"]
[SourceQuality "1"]
[TimeControl "1800+12"]

1. d4 Nf6 2. Nf3 d5 3. g3 g6 4. Bg2 Bg7 5. O-O O-O 6. Bf4 Bf5 7. c4 c6 8. Nbd2 Ne4 9. Rc1 Nxd2 10. Qxd2 Be4 11. Rfd1 Nd7 12. Bh6 Nf6 13. Bxg7 Kxg7 14. Qb4 Qb6 15. Qxb6 axb6 16. a3 e6 17. Ne5 Rfd8 18. f3 Bf5 19. g4 Bxg4 20. fxg4 dxc4 21. Rxc4 b5 22. Rcc1 Ra4 23. e3 Nd5 24. Bxd5 exd5 25. Rf1 f6 26. Nd3 Re8 27. Rf3 Re4 28. h3 Re7 29. Rcf1 Rf7 30. Ne5 Rf8 31. Nd7 Re8 32. Nxf6 Re7 33. g5 b4 34. axb4 Rxb4 35. R1f2 Rb3 36. Ng4 b6 37. Nh6 Re8 38. Rf7+ Kh8 39. Rf8+ 1-0

[Event "16th Deltalift Open 2019"]
[Site "Halmstad"]
[Date "2019.05.30"]
[Round "2.17"]
[White "Ivarsson, Sebastian"]
[Black "Silseth, Simon"]
[Result "0-1"]
[ECO "A80"]
[WhiteElo "2013"]
[BlackElo "2268"]
[Annotator "ChessBase"]
[PlyCount "48"]
[EventDate "2019.05.30"]
[EventType "swiss"]
[EventCountry "SWE"]
[SourceTitle "playchess.com"]
[Source "ChessBase"]
[SourceQuality "1"]
[TimeControl "1800+12"]

1. d4 f5 2. Nf3 Nf6 3. g3 d6 4. Bg2 g6 5. O-O Bg7 6. c4 O-O 7. b3 c6 8. Bb2 d5 9. Ne5 Be6 10. Nc3 Nbd7 11. Rc1 dxc4 12. Nxc4 Nb6 13. Nxb6 axb6 14. f3 b5 15. a4 Nd5 16. Nxd5 Qxd5 17. Rc5 Qxb3 18. Qxb3 Bxb3 19. axb5 Ra2 20. Rb1 Rxb2 21. Rxb2 Bxd4+ 22. Kf1 Bxb2 23. bxc6 bxc6 24. Rxc6 Rd8 0-1

[Event "16th Deltalift Open 2019"]
[Site "Halmstad"]
[Date "2019.05.30"]
[Round "2.18"]
[White "Nyander, Joakim"]
[Black "Svensson, Leif"]
[Result "0-1"]
[ECO "A11"]
[WhiteElo "2235"]
[BlackElo "2016"]
[Annotator "ChessBase"]
[PlyCount "114"]
[EventDate "2019.05.30"]
[EventType "swiss"]
[EventCountry "SWE"]
[SourceTitle "playchess.com"]
[Source "ChessBase"]
[SourceQuality "1"]
[TimeControl "1800+12"]

1. c4 c6 2. g3 e6 3. Bg2 d5 4. Nf3 Nf6 5. cxd5 exd5 6. d3 Be7 7. O-O O-O 8. Nc3 Re8 9. e4 dxe4 10. dxe4 Qxd1 11. Rxd1 Bg4 12. Bf4 Bb4 13. h3 Bh5 14. g4 Bg6 15. Ne5 Bxc3 16. Nxg6 Bxb2 17. Rab1 Ba3 18. Ne5 b6 19. g5 Nh5 20. Bh2 f6 21. Nc4 Bc5 22. Bf3 g6 23. Bxh5 gxh5 24. gxf6 Kf7 25. e5 Ke6 26. Rb3 Na6 27. Kf1 Nc7 28. Rf3 Nd5 29. Nb2 Rad8 30. Nc4 b5 31. Na5 Ne3+ 32. fxe3 Rxd1+ 33. Kg2 Ra1 34. Rf2 Bxe3 35. Re2 Rg8+ 36. Kf3 Bb6 37. Nxc6 Rc1 38. Nb4 Rc3+ 39. Kf4 Rc4+ 40. Re4 Rxe4+ 41. Kxe4 Rc8 42. Nd3 Rc4+ 43. Kf3 Rc3 44. Ke4 Rc4+ 45. Kf3 Rc2 46. Nf4+ Kf7 47. Bg3 Rxa2 48. Ke4 Bc7 49. Kf5 Bxe5 50. Kxe5 b4 51. Kf5 b3 52. Ne6 Ra5+ 53. Be5 b2 54. Ng5+ Ke8 55. f7+ Ke7 56. Ne6 b1=Q+ 57. Kf4 Kxe6 0-1

[Event "16th Deltalift Open 2019"]
[Site "Halmstad"]
[Date "2019.05.30"]
[Round "2.19"]
[White "Stray, Gunnar"]
[Black "Johnson, Daniel"]
[Result "0-1"]
[ECO "D05"]
[WhiteElo "2005"]
[BlackElo "2233"]
[Annotator "ChessBase"]
[PlyCount "60"]
[EventDate "2019.05.30"]
[EventType "swiss"]
[EventCountry "SWE"]
[SourceTitle "playchess.com"]
[Source "ChessBase"]
[SourceQuality "1"]
[TimeControl "1800+12"]

1. d4 d5 2. Nf3 Nf6 3. e3 e6 4. Bd3 c5 5. b3 Nc6 6. O-O Bd6 7. Bb2 O-O 8. Nbd2 b6 9. a3 Bb7 10. Ne5 Ne7 11. f4 Ne4 12. Nxe4 dxe4 13. Be2 Nf5 14. Qc1 Rc8 15. Nc4 Be7 16. Rd1 Qc7 17. g4 Nh4 18. dxc5 Bxc5 19. Be5 Qc6 20. b4 Be7 21. Qb2 f6 22. Bd6 Bxd6 23. Rxd6 Qe8 24. Rad1 Qg6 25. Kf2 Kh8 26. b5 Rxc4 27. Bxc4 Qxg4 28. R1d2 Qg2+ 29. Ke1 Nf3+ 30. Kd1 Qg1+ 0-1

[Event "16th Deltalift Open 2019"]
[Site "Halmstad"]
[Date "2019.05.30"]
[Round "2.20"]
[White "Crevatin, Leo"]
[Black "Cedervall, Magnus"]
[Result "1-0"]
[ECO "A06"]
[WhiteElo "2210"]
[BlackElo "2006"]
[Annotator "ChessBase"]
[PlyCount "71"]
[EventDate "2019.05.30"]
[EventType "swiss"]
[EventCountry "SWE"]
[SourceTitle "playchess.com"]
[Source "ChessBase"]
[SourceQuality "1"]
[TimeControl "1800+12"]

1. Nf3 d5 2. e3 Nf6 3. c4 e6 4. b3 b6 5. Bb2 Be7 6. Be2 Bb7 7. O-O O-O 8. Nc3 c5 9. cxd5 exd5 10. d4 Nc6 11. Rc1 Rc8 12. dxc5 bxc5 13. Na4 Nb4 14. a3 Na6 15. Bd3 Nd7 16. Qe2 Nab8 17. Rfd1 Nb6 18. Bf5 Rc6 19. e4 Nxa4 20. exd5 Rd6 21. bxa4 Bxd5 22. Be5 Bxf3 23. Qxf3 Rxd1+ 24. Rxd1 Qb6 25. Rb1 Qa5 26. Bxb8 c4 27. g3 c3 28. Bc2 Bxa3 29. Rb5 Qd8 30. Qxc3 Bc1 31. Qd3 g6 32. Qxd8 Rxd8 33. Bxa7 Rd7 34. Be3 Bxe3 35. fxe3 Rd2 36. Bb3 1-0

[Event "16th Deltalift Open 2019"]
[Site "Halmstad"]
[Date "2019.05.30"]
[Round "2.21"]
[White "Andersson, Lars"]
[Black "Sjoberg, Isak"]
[Result "0-1"]
[ECO "A45"]
[WhiteElo "1997"]
[BlackElo "2208"]
[Annotator "ChessBase"]
[PlyCount "72"]
[EventDate "2019.05.30"]
[EventType "swiss"]
[EventCountry "SWE"]
[SourceTitle "playchess.com"]
[Source "ChessBase"]
[SourceQuality "1"]
[TimeControl "1800+12"]

1. d4 Nf6 2. Bf4 g6 3. e3 Bg7 4. Nf3 O-O 5. Be2 d6 6. O-O Nbd7 7. h3 c5 8. c3 b6 9. Nbd2 Bb7 10. a4 a6 11. Bh2 Ra7 12. Re1 Qa8 13. Bf1 Rb8 14. b4 Rc8 15. Qb3 cxb4 16. cxb4 Bd5 17. Qa3 Re8 18. Bd3 Ne4 19. Nxe4 Bxe4 20. Bxe4 Qxe4 21. Rac1 Nf6 22. Re2 e5 23. Rec2 Rae7 24. dxe5 dxe5 25. Nd2 Qd5 26. Nc4 b5 27. axb5 axb5 28. Rd2 Qe6 29. Rd6 Qf5 30. Nd2 h5 31. f3 Rd7 32. e4 Qg5 33. Rxd7 Nxd7 34. Qd3 Nb6 35. Rc5 Rd8 36. Qxb5 Qxd2 0-1

[Event "16th Deltalift Open 2019"]
[Site "Halmstad"]
[Date "2019.05.30"]
[Round "2.22"]
[White "Carlsson, Ludvig"]
[Black "Segerberg, Tomas"]
[Result "1-0"]
[ECO "A83"]
[WhiteElo "2208"]
[BlackElo "1997"]
[Annotator "ChessBase"]
[PlyCount "75"]
[EventDate "2019.05.30"]
[EventType "swiss"]
[EventCountry "SWE"]
[SourceTitle "playchess.com"]
[Source "ChessBase"]
[SourceQuality "1"]
[TimeControl "1800+12"]

1. d4 f5 2. e4 fxe4 3. Nc3 Nf6 4. Bg5 Nc6 5. d5 Ne5 6. Qe2 Nf7 7. Bxf6 exf6 8. Nxe4 Bb4+ 9. c3 Be7 10. d6 cxd6 11. O-O-O O-O 12. Qb5 Qb6 13. Qxb6 axb6 14. Bc4 Kh8 15. Bd5 f5 16. Ng3 Ne5 17. f3 g6 18. N1e2 Nc6 19. Nd4 Bf6 20. Nb5 Be5 21. Kb1 Ne7 22. Rhe1 Nxd5 23. Rxd5 Ra5 24. c4 Kg7 25. b3 h5 26. a4 h4 27. Nf1 Rf6 28. g3 hxg3 29. hxg3 f4 30. g4 Rf8 31. Re2 Rh8 32. Rh2 Rxh2 33. Nxh2 Kf6 34. Kc2 Kg5 35. Kd3 Kh4 36. Nf1 Kh3 37. Ke2 Kg2 38. Nd2 1-0

[Event "16th Deltalift Open 2019"]
[Site "Halmstad"]
[Date "2019.05.30"]
[Round "2.23"]
[White "Wahlstrom, Lennart"]
[Black "Bernhardsson, Sten"]
[Result "1/2-1/2"]
[ECO "B44"]
[WhiteElo "2196"]
[BlackElo "1992"]
[Annotator "ChessBase"]
[PlyCount "88"]
[EventDate "2019.05.30"]
[EventType "swiss"]
[EventCountry "SWE"]
[SourceTitle "playchess.com"]
[Source "ChessBase"]
[SourceQuality "1"]
[TimeControl "1800+12"]

1. e4 c5 2. Nf3 e6 3. d4 cxd4 4. Nxd4 Nc6 5. Be2 Nf6 6. Nc3 a6 7. O-O Be7 8. Be3 O-O 9. f4 d6 10. Qe1 Bd7 11. Qg3 Nxd4 12. Bxd4 Bc6 13. Bf3 Rc8 14. Rad1 Qa5 15. e5 dxe5 16. Bxe5 Bxf3 17. Qxf3 Qb6+ 18. Kh1 Rfd8 19. f5 Rxd1 20. Rxd1 exf5 21. Bxf6 Bxf6 22. Nd5 Qe6 23. Nxf6+ Qxf6 24. Qxb7 Re8 25. Qd7 Qe5 26. h3 g6 27. Qd4 Qa5 28. c4 Qxa2 29. c5 Qe6 30. Qd6 Qxd6 31. Rxd6 Rc8 32. b4 a5 33. bxa5 Rxc5 34. a6 Ra5 35. Kh2 Kf8 36. Kg3 Ra4 37. Kf3 Ke7 38. Rb6 g5 39. Ke3 h5 40. Kd3 f4 41. Rh6 g4 42. Rxh5 gxh3 43. Rxh3 Rxa6 44. Ke4 Ra2 1/2-1/2

[Event "16th Deltalift Open 2019"]
[Site "Halmstad"]
[Date "2019.05.30"]
[Round "3.2"]
[White "Silseth, Simon"]
[Black "Hector, Jonny"]
[Result "0-1"]
[ECO "C24"]
[WhiteElo "2268"]
[BlackElo "2488"]
[Annotator "ChessBase"]
[PlyCount "122"]
[EventDate "2019.05.30"]
[EventType "swiss"]
[EventCountry "SWE"]
[SourceTitle "playchess.com"]
[Source "ChessBase"]
[SourceQuality "1"]
[TimeControl "1800+12"]

1. e4 e5 2. Bc4 Nf6 3. d3 c6 4. Nf3 d5 5. Bb3 a5 6. a3 a4 7. Ba2 Bd6 8. Nc3 Be6 9. exd5 cxd5 10. d4 e4 11. Ne5 Nc6 12. Be3 Nxe5 13. dxe5 Bxe5 14. Bd4 Qc7 15. Qd2 Bxd4 16. Qxd4 O-O 17. h3 Rfd8 18. O-O Nh5 19. Rfe1 Nf4 20. Rad1 Rd7 21. Re3 Ra5 22. Nxa4 Qxc2 23. Nb6 Rd8 24. Rd2 Qc1+ 25. Rd1 Qc2 26. Rd2 Qc7 27. Rxe4 Rc5 28. Re1 Nxh3+ 29. gxh3 Qxb6 30. b4 Rc6 31. Qxb6 Rxb6 32. Red1 Kf8 33. Rd3 Rbd6 34. Rd4 Bxh3 35. Rxd5 Rxd5 36. Rxd5 Ra8 37. Rd3 Bf5 38. Rf3 g6 39. Bd5 Ra7 40. Rc3 b6 41. Rc6 Rxa3 42. Rxb6 Rd3 43. Rb8+ Kg7 44. Bc4 Rd4 45. Bb3 Be4 46. b5 Rb4 47. Ba2 g5 48. Re8 f5 49. Re7+ Kg6 50. Re6+ Kh5 51. Re5 Ra4 52. f3 Rxa2 53. fxe4 fxe4 54. Rxe4 Rb2 55. Re7 h6 56. Rb7 Kg4 57. b6 h5 58. Rb8 Kg3 59. Kf1 g4 60. b7 h4 61. Ke1 h3 0-1